 Dungeon Crawl Stone Soup version 0.27-a0-828-g8289197e94 (webtiles) character file.

Game seed: 11748515110764460630

468 Grognak the Skirmisher (level 7, -4/72 HPs)
             Began as an Ogre Fighter on Mar 30, 2021.
             Slain by a wyvern zombie (7 damage)
             ... on level 5 of the Dungeon.
             The game lasted 00:06:05 (4212 turns).

Grognak the Skirmisher (Ogre Fighter)               Turns: 4212, Time: 00:06:06

Health: -4/72      AC:  7    Str: 21    XL:     7   Next: 8%
Magic:  7/7        EV: 13    Int:  5    God:
Gold:   67         SH: 10    Dex: 10    Spells: 6/6 levels left

rFire    . . .     SeeInvis +   a - +0 trident (elec)
rCold    . . .     Faith    .   c - +1 kite shield
rNeg     . . .     Spirit   .   b - +0 robe
rPois    .         Reflect  .   (helmet restricted)
rElec    +         Harm     .   (no cloak)
rCorr    .         Rampage  .   (gloves unavailable)
Will     .....                  (boots unavailable)
Stlth    ++........             (no amulet)
HPRegen  0.22/turn              n - +4 ring of evasion
MPRegen  0.10/turn              g - ring "Vaqirad" {rElec AC+4 Int-4 SInv Stlth+}

@: brilliant, lethally poisoned (-4 -> -7), hasted, very quick
A: large, unfitting armour, tough skin 1
a: no special abilities


You were on level 5 of the Dungeon.
You visited 1 branch of the dungeon, and saw 5 of its levels.

You collected 67 gold pieces.

Inventory:

Hand Weapons
 a - a +0 trident of electrocution (weapon)
 p - a +0 dagger
 r - a +2 spear of venom
Armour
 b - a +0 robe (worn)
 c - a +1 kite shield (worn)
Jewellery
 d - a ring of ice
 f - a ring of resist corrosion
 g - the ring "Vaqirad" (right hand) {rElec AC+4 Int-4 SInv Stlth+}
   (You acquired it on level 1 of the Dungeon)

   [ring of protection]

   It affects your AC (+4).
   It affects your intelligence (-4).
   It insulates you from electricity.
   It lets you see invisible.
   It makes you more stealthy.
 n - a +4 ring of evasion (left hand)
Scrolls
 j - a scroll of teleportation
 m - 3 scrolls of torment
 o - a scroll of identify
Potions
 i - a potion of brilliance
 q - a potion of degeneration {unknown}
 s - a potion of might


   Skills:
 * Level 5.5 Fighting
 * Level 4.7 Polearms
 * Level 3.8 Dodging
 + Level 1.2 Stealth
 * Level 3.9 Shields


You had 6 spell levels left.
You didn't know any spells.
Your spell library contained the following spells:

 Spells                   Type           Power      Damage    Failure   Level
 Animate Skeleton         Necr           0%         N/A       83%         1
 Apportation              Tloc           0%         N/A       83%         1
 Corona                   Hex            0%         N/A       83%         1
 Magic Dart               Conj           0%         1d3       83%         1
 Summon Small Mammal      Summ           0%         N/A       83%         1
 Blink                    Tloc           N/A        N/A       93%         2
 Call Imp                 Summ           0%         N/A       93%         2
 Slow                     Hex            0%         N/A       93%         2
 Conjure Flame            Conj/Fire      0%         6-21      99%         3
 Mephitic Cloud           Conj/Pois/Air  0%         N/A       99%         3


Dungeon Overview and Level Annotations

Branches:
Dungeon (5/15)
 Temple: D:4-7

Altars:

Shops:
D:4 [


Innate Abilities, Weirdness & Mutations

You are too large for most types of armour.
You have tough skin. (AC +1)


Message History

You block the water moccasin's attack. The wyvern zombie barely misses you.
The water moccasin misses you. The wyvern zombie bites you!
* * * LOW HITPOINT WARNING * * *
You closely miss the water moccasin.
The water moccasin is moderately wounded.
You feel very sick. You block the water moccasin's attack.
The wyvern zombie barely misses you. You block the water moccasin's attack.
It was a potion of lignification.
You turn into a tree.
Your +0 robe melds into your body.
Your roots penetrate the ground.
You feel sick.
The wyvern zombie bites you but does no damage.
You block the water moccasin's attack.
Okay, then.
Your shield prevents you from hitting the water moccasin.
The water moccasin is moderately wounded.
You feel sick. You block the water moccasin's attack.
The wyvern zombie bites you!
* * * LOW HITPOINT WARNING * * *
The wyvern zombie bites you but does no damage.
The water moccasin bites you but does no damage.
It was a potion of cancellation.
Your magical effects are unravelling.
You feel magically purged.
You feel less wooden.
Your +0 robe unmelds from your body.
You feel sick. The water moccasin closely misses you.
The wyvern zombie closely misses you.
It was a potion of brilliance.
You feel clever all of a sudden.
You feel sick. You block the water moccasin's attack.
The wyvern zombie bites you.
* * * LOW HITPOINT WARNING * * *
You block the water moccasin's attack. You block the wyvern zombie's attack.
It was a potion of magic.
Magic courses through your body.
* * * LOW HITPOINT WARNING * * *
You feel sick. You block the water moccasin's attack.
The wyvern zombie bites you but does no damage.
It was a potion of haste.
You feel yourself speed up.
You feel sick. You block the water moccasin's attack.
The wyvern zombie bites you!
You die...

..#.# .#.. ...#
## #..# .# #..#
.# #..# .# #..#
.# ####
#.###Z>###.#.....
#..S@##.......#
#......#..##.##.#
#.####.#.....#
......<<..##
###..#..#.#
#..#..#.#
#.....#.. ##.#..#
## ..#..#


You could see a water moccasin and a wyvern zombie.

Vanquished Creatures
  Duvessa (D:4)
  A necrophage (D:4)
  Dowan (D:4)
  A hound (D:4)
  An iguana (D:4)
  8 gnolls
  An adder (D:2)
  2 worms (D:4)
  2 dart slugs
  8 orcs
  4 ball pythons
  2 endoplasms
  3 giant cockroaches
  9 goblins
  5 hobgoblins
  5 jackals
  8 kobolds
  A quokka (D:1)
  2 bats (D:3)
  2 frilled lizards
  5 rats
72 creatures vanquished.

Notes
Turn   | Place    | Note
-------+----------+-------------------------------------------
     0 | D:1      | Grognak the Ogre Fighter began the quest for the Orb.
     0 | D:1      | Reached XP level 1. HP: 24/24 MP: 1/1
   214 | D:1      | Reached XP level 2. HP: 33/33 MP: 2/2
   277 | D:1      | Identified a scroll of acquirement
   277 | D:1      | Acquired the ring "Vaqirad" {rElec AC+4 Int-4 SInv Stlth+}
  1101 | D:2      | Reached XP level 3. HP: 34/40 MP: 3/3
  2406 | D:3      | Reached XP level 4. HP: 49/49 MP: 4/4
  3104 | D:4      | Reached XP level 5. HP: 39/55 MP: 5/5
  3204 | D:4      | Found Vaosurib's Antique Armour Shoppe.
  3233 | D:4      | Reached skill level 5 in Fighting
  3673 | D:4      | Reached skill level 1 in Stealth
  3673 | D:4      | Reached XP level 6. HP: 66/66 MP: 6/6
  3686 | D:4      | Noticed Duvessa
  3686 | D:4      | Noticed Dowan
  3694 | D:4      | Killed Duvessa
  3703 | D:4      | Killed Dowan
  3986 | D:4      | Noticed a necrophage
  3992 | D:4      | Killed a necrophage
  3993 | D:4      | Reached XP level 7. HP: 68/72 MP: 7/7
  4187 | D:5      | Entered Level 5 of the Dungeon
  4211 | D:5      | HP: 3/72 [poisoned by a water moccasin]
  4212 | D:5      | Slain by a wyvern zombie

Illustrated notes

Levels and vault maps discovered:
D:1:      erik_arrival_blinker_ship, layout_basic, fountainhead
D:2:      layout_basic
D:3:      layout_basic, grunt_ministairs_15
D:4:      layout_loops_cross, serial_shops, shop, uniq_duvessa
D:5:      layout_basic, portal_sewer_entry_f

Skill      XL: |  1  2  3  4  5  6 |
---------------+-------------------+-----
Shields        | 3 |  3.9
Dodging        | 3 |  3.8
Polearms       | 3 4 |  4.7
Fighting       | 5 |  5.5
Stealth        | 1 |  1.2

Action                   |  1- 3 |  4- 6 |  7- 9 || total
-------------------------+-------+-------+-------++-------
Melee: Trident           |   123 |   125 |    10 ||   258
  Use: Scroll            |     5 |     5 |       ||    10
       Potion            |       |     3 |     5 ||     8
 Stab: Sleeping          |     8 |     6 |     1 ||    15
Armor: Robe              |    58 |    22 |     2 ||    82
       Skin              |       |       |     3 ||     3
Dodge: Dodged            |    34 |    44 |    13 ||    91
Block: Kite shield       |    46 |    59 |    16 ||   121

Table legend: (Time is in decaauts)
 A = Elapsed time spent in this place.
 B = Non-inter-level travel time spent in this place.
 C = Inter-level travel time spent in this place.
 D = Time resting spent in this place.
 E = Time spent auto-exploring this place.
 F = Levels seen in this place.
 G = Mean time per level.
                   A        B        C        D        E       F      G
               +--------+--------+--------+--------+--------+-----+--------+
         Total |   4301 |   4301 |      0 |      0 |   3499 |   5 |  860.2 |
       Dungeon |   4301 |   4301 |      0 |      0 |   3499 |   5 |  860.2 |
               +--------+--------+--------+--------+--------+-----+--------+

Top non-repeatable levels by time:
     D:2: 1268 daAuts
     D:4: 1151 daAuts
     D:3: 1062 daAuts
     D:1: 791 daAuts
     D:5: 27 daAuts
